 Dungeon Crawl Stone Soup version 0.31.0-11-ge490571c62 (webtiles) character file.

Game seed: 11692745472042973221

240 Aneyh the Summoner (level 6, -3/32 HPs)
             Began as a Tengu Summoner on Feb 5, 2024.
             Slain by an ogre
             ... wielding a +0 giant club
              (35 damage)
             ... on level 4 of the Dungeon.
             The game lasted 00:09:16 (3177 turns).

Aneyh the Summoner (Tengu Summoner)                 Turns: 3177, Time: 00:09:17

Health: -3/32      AC:  3    Str:  8    XL:     6   Next: 8%
Magic:  10/10      EV: 27    Int: 17    God:
Gold:   272        SH:  0    Dex: 15    Spells: 1/9 levels left

rFire   . . .        x - +0 triple sword
rCold   . . .        (shield currently unavailable)
rNeg    . . .        a - +0 robe
rPois   .            (helmet restricted)
rElec   .            (no cloak)
rCorr   .            s - +0 pair of gloves
SInv    .            (boots unavailable)
Will    .....        (no amulet)
Stlth   ++           (no ring)
HPRegen 0.25/turn    (no ring)
MPRegen 0.12/turn

%: acrobat
@: acrobatic
A: beak, talons 3, acrobatic
a: no special abilities


You were on level 4 of the Dungeon.
You visited 1 branch of the dungeon, and saw 4 of its levels.

You collected 272 gold pieces.

Inventory:

Hand Weapons
 f - a +0 dagger
 v - a +0 morningstar
 x - a +0 triple sword (weapon)
Missiles
 i - 5 boomerangs
Armour
 a - a +0 robe (worn)
 d - a +0 leather armour
 s - a +0 pair of gloves (worn)
Jewellery
 j - a ring of protection from fire
Wands
 u - a wand of digging (6)
Scrolls
 l - a scroll of teleportation {unknown}
 m - 3 scrolls of identify {unknown}
 n - a scroll of fog {unknown}
 p - a scroll of poison {unknown}
 r - a scroll of blinking {unknown}
 t - a scroll of enchant weapon {unknown}
 w - a scroll of brand weapon {unknown}
 y - a scroll of enchant armour {unknown}
 z - a scroll of noise {unknown}
Potions
 b - a potion of magic
 c - 2 potions of curing
 e - a potion of enlightenment {unknown}
 g - 2 potions of heal wounds {unknown}
 h - 3 potions of haste {unknown}
 k - a potion of brilliance {unknown}
 o - a potion of might {unknown}
 q - a potion of invisibility {unknown}


   Skills:
 + Level 0.1 Long Blades
 - Level 2.1 Dodging
 - Level 2.0 Stealth
 - Level 2.0 Spellcasting
 * Level 8.6 Summonings


You had one spell level left.
You knew the following spells:

 Your Spells              Type           Power      Damage    Failure   Level
a - Summon Small Mammal   Summ           100%       N/A       1%          1
b - Call Canine Familiar  Summ           30%        N/A       1%          3
c - Summon Blazeheart Go  Fire/Summ      16%        N/A       32%         4

Your spell library contained the following spells:

 Spells                   Type           Power      Damage    Failure   Level
 Kiss of Death            Conj/Necr      4%         2d5       19%         1
 Magic Dart               Conj           4%         1d3       19%         1
 Call Imp                 Summ           60%        N/A       1%          2
 Blink                    Tloc           2%         N/A       28%         2
 Cigotuvi's Dreadful Rot  Necr/Alch/Air  2%         N/A       28%         2
 Sublimation of Blood     Necr           1%         N/A       28%         2
 Animate Armour           Summ/Erth      32%        N/A       32%         4
 Summon Lightning Spire   Summ/Air       16%        N/A       32%         4
 Confusing Touch          Hex            1%         N/A       50%         3
 Stone Arrow              Conj/Erth      2%         3d7       50%         3
 Dispel Undead            Necr           1%         3d6       88%         4
 Ignite Poison            Fire/Alch      1%         N/A       88%         4
 Petrify                  Alch/Erth      1%         N/A       88%         4
 Freezing Cloud           Conj/Ice/Air   0%         6-21      99%         5
 Irradiate                Conj/Alch      0%         3d11      99%         5
 Lehudib's Crystal Spear  Conj/Erth      0%         10d2      100%        8


Dungeon Overview and Level Annotations

Branches:
Dungeon (4/15)
 Temple: D:4-7

Altars:
Ashenzari
Elyvilon
Fedhas
Kikubaaqudgha
Nemelex Xobeh
Xom


Innate Abilities, Weirdness & Mutations

You have a beak for a mouth.
You have claws for feet.
You can magically evade attacks while moving or waiting.


Message History

The ball python barely misses you. x2; The ball python closely misses you.
The ball python grabs you. The ball python constricts you.
Your inugami hits the ball python!
The ball python dies!
You swap places.
You see here a ball python corpse.
You swap places.
You swap places.
Found a sparkling altar of Nemelex Xobeh.
There is an open door here.
Your inugami disappears in a puff of smoke!
There is an open door here.
Things that are here:
a +0 dagger; a +0 scale mail Done exploring.
Done exploring.
Done exploring.
There is a stone staircase leading down here.
You climb downwards.
Found 19 gold pieces.
There is a stone staircase leading up here.
You now have 272 gold pieces (gained 19).
A dart slug comes into view.
A dart slug is nearby!
No target in view!
No target in view!
You hit the dart slug.
The dart slug is lightly wounded.
The dart slug closely misses you.
You slash the dart slug!
You kill the dart slug!
No target in view!
You see here a dart slug corpse.
An ogre comes into view. It is wielding a +0 giant club.
The ogre shouts!
The ogre moves out of view.
No target in view!
The ogre hits you with a +0 giant club!!
Ouch! That really hurt!
You die...

## #### #. ..#
###.### #.# ###
#...@.#####.######.##
#.#O#.#.........†.#.#
#.....###.#...##...
#.#.#####......####
...........#...##
###.##########.## #.
#.# #. #.# #+#


You could see an ogre.

Vanquished Creatures
  Natasha (D:3)
  An adder (D:3)
  2 dart slugs
  4 orcs (D:3)
  3 bats
  4 endoplasms
  2 giant cockroaches
  5 hobgoblins
  5 jackals
  2 quokkas
  6 ball pythons
  4 frilled lizards
  5 goblins
  8 kobolds
  5 rats
57 creatures vanquished.

Vanquished Creatures (collateral kills)
  Jessica (D:3)
  Natasha (twice) (D:3)
  3 adders
  3 orcs (D:3)
  A ball python (D:3)
  2 bats (D:3)
  6 endoplasms
  A goblin (D:2)
  A hobgoblin (D:1)
  2 quokkas
  2 frilled lizards
  3 kobolds
  7 rats
34 creatures vanquished.

Grand Total: 91 creatures vanquished

Notes
Turn   | Place    | Note
-------+----------+-------------------------------------------
     0 | D:1      | Aneyh the Tengu Summoner began the quest for the Orb.
     0 | D:1      | Reached XP level 1. HP: 10/10 MP: 4/4
   147 | D:1      | Reached skill level 5 in Summonings
   207 | D:1      | Reached XP level 2. HP: 8/15 MP: 6/6
   562 | D:1      | Reached XP level 3. HP: 19/19 MP: 7/7
   577 | D:1      | Reached skill level 6 in Summonings
   581 | D:1      | Learned a level 3 spell: Call Canine Familiar
  1426 | D:2      | Reached XP level 4. HP: 24/24 MP: 5/8
  1983 | D:3      | Reached skill level 7 in Summonings
  2063 | D:3      | Noticed Jessica
  2072 | D:3      | Killed Jessica
  2078 | D:3      | Noticed Natasha
  2085 | D:3      | Reached XP level 5. HP: 27/28 MP: 9/9
  2169 | D:2      | Learned a level 4 spell: Summon Blazeheart Golem
  2327 | D:3      | Found a blossoming altar of Fedhas.
  2327 | D:3      | Found a broken altar of Ashenzari.
  2349 | D:3      | Found a white marble altar of Elyvilon.
  2650 | D:3      | Found a shimmering altar of Xom.
  2668 | D:3      | Found a shimmering altar of Xom.
  2679 | D:3      | Killed Natasha
  2680 | D:3      | Reached skill level 8 in Summonings
  2698 | D:3      | Found a shimmering altar of Xom.
  2698 | D:3      | Found a shimmering altar of Xom.
  2758 | D:3      | Found an ancient bone altar of Kikubaaqudgha.
  2781 | D:3      | Noticed Natasha
  2790 | D:3      | Killed Natasha
  2851 | D:3      | Noticed Natasha
  2858 | D:3      | Killed Natasha
  2859 | D:3      | Reached XP level 6. HP: 27/32 MP: 6/10
  3028 | D:3      | Found a sparkling altar of Nemelex Xobeh.
  3177 | D:4      | Slain by an ogre

Illustrated notes

Levels and vault maps discovered:
D:1:      nicolae_arrival_washed_ashore, layout_loops_ring
D:2:      minmay_diamond_boxcup, layout_basic, grunt_ministairs_15, hex_tiny
D:3:      layout_loops_cross, mainiacjoe_overflow_boulevard,
          amcnicky_altar_gilded, xom_redecorated, nemelex_spade_bored_becter,
          chequers_temple_overflow_statue_of_worship, minmay_fractal_squares_5,
          uniq_jessica, uniq_natasha
D:4:      layout_loops_corners, grunt_tough_drop

Skill      XL: |  1  2  3  4  5 |
---------------+----------------+-----
Summonings     | 5 6 7 8 |  8.6
Long Blades    | |  0.1
Dodging        | |  2.1
Stealth        | |  2.0
Spellcasting   | |  2.0

Action                     |  1- 3 |  4- 6 || total
---------------------------+-------+-------++-------
  Melee: Unarmed           |    29 |       ||    29
         Kick              |    24 |    18 ||    42
         Peck              |     7 |    10 ||    17
         Dagger            |    45 |    57 ||   102
         Punch             |       |     2 ||     2
         Morningstar       |       |    13 ||    13
         Triple sword      |       |    13 ||    13
   Cast: Summon Small Mamm |    36 |    10 ||    46
         Call Canine Famil |     1 |     9 ||    10
    Use: Potion            |     1 |       ||     1
   Stab: Sleeping          |     3 |     3 ||     6
 Armour: Robe              |    30 |    40 ||    70
  Dodge: Dodged            |    63 |    87 ||   150
